 Dungeon Crawl Stone Soup version 0.28.0-47-ge53b351184 (webtiles) character file.

Game seed: 13775093637836965465

209 pkoi the Conjurer (level 5, -2/38 HPs)
             Began as a Demigod Conjurer on May 4, 2022.
             Slain by a kobold brigand
             ... wielding a +0 dagger
              (3 damage)
             ... in a sewer.
             The game lasted 00:05:17 (3963 turns).

pkoi the Conjurer (Demigod Conjurer)                Turns: 3963, Time: 00:05:17

Health: -2/38      AC:  2    Str:  8    XL:     5   Next: 30%
Magic:  1/10       EV: 12    Int: 24    God:
Gold:   26         SH:  0    Dex: 12    Spells: 5/8 levels left

rFire   . . .      SeeInvis .   h - +10 dark maul {vorpal}
rCold   . . .      Faith    .   (shield currently unavailable)
rNeg    . . .      Spirit   .   a - +0 robe
rPois   .          Reflect  .   (no helmet)
rElec   .          Harm     .   (no cloak)
rCorr   .          Rampage  .   (no gloves)
Will    .....                   (no boots)
Stlth   +.........              (no amulet)
HPRegen 0.12/turn               (no ring)
MPRegen 0.12/turn               (no ring)

@: slowed, very slow
A: high MP 1, forlorn, divine attributes
a: no special abilities


You were in a sewer.
You visited 1 branch of the dungeon, and saw 4 of its levels.
You also visited: Sewer.

You collected 26 gold pieces.

Inventory:

Hand Weapons
 g - a +0 short sword
 h - the +10 dark maul (weapon) {vorpal}
   (You found it on level 2 of the Dungeon)

   It inflicts extra damage upon your enemies.
Missiles
 l - 15 poisoned darts
Armour
 a - a +0 robe (worn)
Magical Staves
 b - a staff of cold
Scrolls
 c - 2 scrolls of teleportation
 e - 2 scrolls of identify {unknown}
 f - a scroll of fog
 m - a scroll of enchant armour {unknown}
Potions
 d - 2 potions of attraction {unknown}
 i - a potion of lignification {unknown}
 j - a potion of curing {unknown}
 k - 2 potions of invisibility {unknown}


   Skills:
 + Level 1.3 Maces & Flails
 - Level 1.7 Dodging
 - Level 1.7 Stealth
 + Level 2.0 Spellcasting
 * Level 5.3 Conjurations
 + Level 1.4 Translocations
 + Level 1.4 Transmutations


You had 5 spell levels left.
You knew the following spells:

 Your Spells              Type           Power      Damage    Failure   Level
a - Magic Dart            Conj           100%       1d8       1%          1
b - Searing Ray           Conj           56%        2d6       1%          2

Your spell library contained the following spells:

 Spells                   Type           Power      Damage    Failure   Level
 Beastly Appendage        Tmut           18%        N/A       7%          1
 Wereblood                Tmut           9%         N/A       10%         2
 Dazzling Flash           Conj/Hex       30%        N/A       12%         3
 Spider Form              Tmut/Pois      5%         N/A       26%         3
 Iskenderun's Mystic Bla  Conj/Tloc      18%        2d6       30%         4
 Summon Guardian Golem    Hex/Summ       2%         N/A       34%         3
 Fulminant Prism          Conj/Hex       7%         3d7       36%         4
 Orb of Destruction       Conj           14%        9d7       100%        7
 Spellforged Servitor     Conj/Summ      7%         N/A       100%        7


Dungeon Overview and Level Annotations

Branches:
Dungeon (4/15)              Sewer (1/1)
 Temple: D:4-7

Annotations:
D:4 1 runed translucent door, Crazy Yiuf


Innate Abilities, Weirdness & Mutations

You have an increased reservoir of magic. (+10% MP)
You shall have no god before yourself.
Your divine heritage dramatically boosts your attributes as you level up.


Message History

Unknown command.
The searing ray hits the kobold brigand but does no damage.
The kobold brigand is lightly wounded.
You feel sick.
You are no longer poisoned.
The kobold brigand hits you with a +0 dagger.
* * * LOW HITPOINT WARNING * * *
Unknown command.
The searing ray hits the kobold brigand!
The kobold brigand is heavily wounded.
You finish channelling your searing ray.
The kobold brigand closely misses you.
The kobold brigand splashes around in the water.
Unknown command.
Casting: Searing Ray (safe; 1% risk of failure)
Confirm with . or Enter, or press ? or * to list all spells.
Aiming: Searing Ray (safe; 1% risk of failure)
Press: ? - help, Shift-Dir - straight line, f/p - kobold brigand
Aim: a kobold brigand, wielding a +0 dagger and quivering curare-tipped darts (heavily wounded, 74% to hit)
The searing ray misses the kobold brigand. (Press . to maintain the ray.)
The kobold brigand hits you with a +0 dagger.
* * * LOW HITPOINT WARNING * * *
The searing ray misses the kobold brigand.
The kobold brigand hits you with a +0 dagger.
* * * LOW HITPOINT WARNING * * *
The kobold brigand splashes around in the water.
Unknown command.
The searing ray hits the kobold brigand.
The kobold brigand is severely wounded.
The kobold brigand hits you with a +0 dagger!
* * * LOW HITPOINT WARNING * * *
Unknown command.
The searing ray hits the kobold brigand.
The kobold brigand is almost dead.
You finish channelling your searing ray.
The kobold brigand hits you with a +0 dagger.
* * * LOW HITPOINT WARNING * * *
The kobold brigand hits you with a +0 dagger.
You die...

# ##...## ##...##
#####≈...≈####.....#
≈≈≈≈≈≈.≈..≈≈÷≈≈...≈#
#####.....####...≈.#
# ##≈≈.## ##...##
##≈## ##≈## #≈# #≈#
≈≈# #≈# ##≈# #@# #≈#
#K# .≈. ≈≈. ≈≈≈
..≈.≈ ≈.....#
##.....# ##≈.≈##
#####


You could see a kobold brigand.

Vanquished Creatures
  A kobold brigand (Sewer)
  5 adders
  A river rat (Sewer)
  An adder skeleton (D:2)
  A worm (Sewer)
  4 dart slugs
  4 orcs
  A bat (D:1)
  A bat zombie (D:2)
  7 endoplasms
  A giant cockroach (D:3)
  4 hobgoblins
  4 jackals
  9 kobolds
  A quokka (D:2)
  8 ball pythons
  2 ball python skeletons (D:2)
  A ball python zombie (D:2)
  3 frilled lizards (D:2)
  A giant cockroach zombie (D:2)
  2 goblins (D:2)
  7 rats
69 creatures vanquished.

Vanquished Creatures (others)
  A withered plant (D:2)
1 creature vanquished.

Grand Total: 70 creatures vanquished

Notes
Turn   | Place    | Note
-------+----------+-------------------------------------------
     0 | D:1      | pkoi the Demigod Conjurer began the quest for the Orb.
     0 | D:1      | Reached XP level 1. HP: 14/14 MP: 5/5
   315 | D:1      | Reached skill level 4 in Conjurations
   398 | D:1      | Reached XP level 2. HP: 20/20 MP: 5/7
   978 | D:2      | Reached XP level 3. HP: 26/26 MP: 3/8
  1247 | D:2      | Learned a level 2 spell: Searing Ray
  1345 | D:2      | Found the +10 dark maul {vorpal}
  2339 | D:3      | Reached XP level 4. HP: 33/33 MP: 5/9
  3075 | D:4      | Reached skill level 5 in Conjurations
  3180 | D:4      | Found a runed translucent door.
  3181 | D:4      | Noticed Crazy Yiuf
  3293 | D:4      | Reached skill level 1 in Translocations
  3293 | D:4      | Reached skill level 1 in Transmutations
  3315 | D:4      | Found a glowing drain.
  3335 | Sewer    | Entered a sewer
  3348 | Sewer    | Reached skill level 1 in Maces & Flails
  3735 | Sewer    | Noticed a kobold brigand
  3758 | Sewer    | Noticed a kobold brigand
  3767 | Sewer    | Killed a kobold brigand
  3768 | Sewer    | Reached XP level 5. HP: 27/38 MP: 2/10
  3963 | Sewer    | HP: 1/38 [kobold brigand/+0 dagger (6)]
  3963 | Sewer    | Slain by a kobold brigand

Illustrated notes

Levels and vault maps discovered:
D:1:      matt_arrival_grand_opening, layout_basic,
          shapermc_ecumenical_altar_flowoftime
D:2:      layout_basic, serial_undead, serial_undead_b, serial_undead_d,
          serial_undead_d, serial_undead_d
D:3:      layout_loops_ring, old_standard_altar
D:4:      layout_loops_ring, cheibrodos_sewer_entry_drain,
          amcnicky_mini_pool_small, uniq_crazy_yiuf_cottage
Sewer:    sewer_co_15_rooms

Skill      XL: |  1  2  3  4 |
---------------+-------------+-----
Conjurations   | 4 5 |  5.3
Translocations | 1 |  1.4
Transmutations | 1 |  1.4
Maces & Flails | 1 |  1.3
Spellcasting   | 2 |  2.0
Dodging        | |  1.7
Stealth        | |  1.7

Action                   |  1- 3 |  4- 6 || total
-------------------------+-------+-------++-------
Melee: Maul              |     4 |       ||     4
 Cast: Magic Dart        |    93 |    30 ||   123
       Searing Ray       |     1 |     8 ||     9
  Use: Scroll            |       |     4 ||     4
Armor: Robe              |     3 |       ||     3
Dodge: Dodged            |    13 |     7 ||    20
